Map: Dusk Towers

Players

LilDicky

  • Race: Terran Terran
  • League: Diamond

Sync - Winner!

  • Race: Protoss Protoss
  • League: Diamond

VOD

http://www.twitch.tv/tumescentpie

Description

Time

  • Played on: Dec. 26, 2015, 6:06 p.m.
  • Length: 8:15
Show
View Real Time Build Order
Export as new Build Order

LilDicky Terran 

Build Orders: MMM Bio 

Get SALT Encoding   

  12  0:03  SCV  
  13  0:15  SCV  
  13  0:19  Supply Depot  
  14  0:27  SCV  
  15  0:36  Refinery  
  15  0:41  SCV  
  16  0:46  Barracks  
  17  0:57  SCV  
  17  1:09  SCV  
  18  1:21  SCV  
  19  1:36  Supply Depot, Marine  
  19  1:37  Orbital Command  
  20  1:43  Factory  
  20  1:54  Marine  
  21  2:06  Barracks  
  21  2:08  Barracks  
  21  2:12  Barracks Reactor  
  21  2:16  SCV  
  22  2:28  SCV  
  23  2:39  Widow Mine  
  23  2:40  SCV  
  26  2:50  Marine x2  
  28  2:52  SCV  
  29  2:59  Barracks Tech Lab, Refinery  
  29  3:00  Barracks Tech Lab  
  29  3:06  SCV  
  29  3:08  Marine  
  31  3:18  SCV  
  30  3:20  Stimpack, Marine  
  31  3:27  Supply Depot  
  31  3:28  Marine  
  31  3:43  Combat Shields  
  31  3:48  SCV, Marine x4  
  36  3:58  Starport  
  36  3:59  Supply Depot  
  36  4:00  SCV  
  37  4:06  Marine x2  
  39  4:21  SCV, Marine x2  
  42  4:26  Supply Depot  
  44  4:33  SCV, Marauder  
  44  4:34  Marauder  
  47  4:39  Supply Depot  
  47  4:48  Medivac, Marine  
  50  4:55  Marine  
  50  4:56  Marauder  
  50  4:57  Marauder  
  55  5:08  SCV  
  55  5:09  Marine  
  55  5:12  Marine  
  55  5:14  Supply Depot  
  58  5:17  Marauder  
  58  5:18  Medivac  
  62  5:25  Marauder  
  62  5:27  Marine  
  60  5:30  Marine  
  55  5:38  Marine  
  55  5:39  Widow Mine  
  58  5:44  Marine  
  58  5:45  Marine  
  57  5:52  Marine  
  57  5:53  SCV  
  57  5:56  Marauder  
  61  5:57  Medivac  
  61  6:02  Marine  
  66  6:04  Marauder  
  64  6:42  Marine  
  64  6:43  Marauder, Marine x2  
  69  6:48  Supply Depot  
  69  6:51  Supply Depot x2  
  69  7:00  Marine x2  
  70  7:01  Barracks, Marauder  
  70  7:02  Barracks  
  70  7:05  Barracks, Marauder  
  59  7:20  Marine x2  
  59  7:22  Marine  
  62  7:26  Marine  
  61  7:37  Marine  
  56  7:46  Marine x3  
  56  7:48  Marine  
  57  7:55  Marine x2  
Show
View Real Time Build Order
Export as new Build Order

Sync Protoss - Winner!

Build Orders: 1 Gate Expand 

Get SALT Encoding   

  12  0:01  Probe (Chrono Boost)  
  13  0:12  Probe (Chrono Boost)  
  14  0:18  Pylon  
  14  0:22  Probe (Chrono Boost)  
  15  0:36  Probe (Chrono Boost)  
  15  0:40  Gateway  
  16  0:47  Probe (Chrono Boost)  
  17  0:57  Probe (Chrono Boost)  
  18  1:04  Assimilator  
  18  1:08  Probe (Chrono Boost)  
  19  1:24  Nexus  
  19  1:28  Probe (Chrono Boost)  
  20  1:40  Cybernetics Core, Probe (Chrono Boost)  
  21  1:48  Assimilator  
  21  1:52  Probe (Chrono Boost)  
  22  1:55  Assimilator  
  22  2:02  Probe (Chrono Boost)  
  22  2:09  Pylon  
  22  2:13  Probe (Chrono Boost)  
  23  2:18  Warp Gate  
  23  2:27  Mothership Core (Chrono Boost)  
  23  2:29  Adept  
  27  2:36  Probe (Chrono Boost)  
  28  2:46  Probe x2 (Chrono Boost)  
  28  2:50  Gateway  
  30  2:54  Pylon  
  30  2:56  Probe (Chrono Boost)  
  31  2:58  Pylon  
  31  3:04  Probe (Chrono Boost)  
  32  3:07  Probe (Chrono Boost)  
  33  3:17  Robotics Facility  
  33  3:21  Probe (Chrono Boost)  
  34  3:32  Probe (Chrono Boost)  
  34  3:33  Probe (Chrono Boost)  
  36  3:37  Gateway  
  36  3:39  Gateway  
  36  3:46  Probe (Chrono Boost)  
  36  3:47  Probe (Chrono Boost)  
  38  3:56  Probe (Chrono Boost)  
  38  4:01  Twilight Council  
  39  4:04  Observer  
  39  4:05  Probe (Chrono Boost)  
  39  4:09  Probe (Chrono Boost)  
  42  4:12  Gateway  
  42  4:13  Gateway  
  42  4:16  Gateway  
  42  4:23  Probe (Chrono Boost)  
  43  4:28  Adept  
  43  4:29  Adept  
  47  4:35  Warp Prism (Chrono Boost)  
  47  4:41  Resonating Glaives (Chrono Boost)  
  47  4:43  Adept x2  
  53  4:51  Adept  
  53  4:52  Adept  
  57  5:21  Adept x2  
  57  5:30  Adept x2  
  57  5:34  Pylon x2  
  55  5:36  Pylon  
  55  5:37  Pylon  
  53  5:49  Adept x4  
  61  5:55  Adept x2  
  61  5:56  Adept  
  67  5:59  Observer  
  68  6:14  Adept x4  
  70  6:35  Adept  
  70  6:36  Adept x3  
  78  6:59  Probe x2  
  76  7:14  Pylon x2  
  76  7:17  Adept x4  
  77  7:33  Adept x3  
  69  7:45  Pylon  
  63  8:07  Adept x6  
  63  8:08  Adept  
Tags
 
Add a new tag
Caveats
  • Supply blocks, unpowered buildings, or Contaminate may cause inaccurate times.
  • Supply counts are checked every 10 seconds.